 Dungeon Crawl Stone Soup version 0.31.0-4-g52a2dc7128 (webtiles) character file.

Game seed: 8845983848731622874

77 Arcadio the Ducker (level 4, -8/37 HPs)
             Began as a Djinni Monk on Jan 22, 2024.
             Was a Priest of the Shining One.
             Mangled by an iguana (13 damage)
             ... on level 4 of the Dungeon.
             The game lasted 00:04:41 (2171 turns).

Arcadio the Ducker (Djinni Monk)                    Turns: 2171, Time: 00:04:43

Health: -8/37      AC:  2    Str: 10    XL:     4   Next: 58%
Gold:   116        EV: 14    Int: 13    God:    the Shining One [***...] SH:  6 Dex: 16

rFire   + + .        a - +0 falchion
rCold   x . .        d - orb {light}
rNeg    + . .        b - +0 robe
rPois   ∞            (no helmet)
rElec   .            (no cloak)
rCorr   .            (no gloves)
SInv    .            (boots unavailable)
Will    .....        h - amulet of faith
Stlth   +            (no ring)
HPRegen 0.26/turn    (no ring)
MPRegen 0.00/turn

%: faith, infuse magic (-9 HP)
@: divinely shielded, flying, very slightly contaminated, glowing
A: sickness immunity, fire resistance 2, cold vulnerability 1, float, innate
caster, HP casting, extra vitality 1
a: Renounce Religion, Divine Shield, Cleansing Flame


You were on level 4 of the Dungeon.
You worshipped the Shining One.
The Shining One was most pleased with you.
You visited 1 branch of the dungeon, and saw 4 of its levels.

You collected 116 gold pieces.

Inventory:

Hand Weapons
 a - a +0 falchion (weapon)
Armour
 b - a +0 robe (worn)
 d - an orb of light (worn)
Jewellery
 h - an amulet of faith (around neck)
Scrolls
 e - a scroll of brand weapon {unknown}
 f - a scroll of acquirement {unknown}
 j - 5 scrolls of teleportation {unknown}
 k - a scroll of noise {unknown}
 l - 2 scrolls of identify {unknown}
 n - 2 scrolls of silence {unknown}
Potions
 c - 2 potions of ambrosia
 g - a potion of degeneration {unknown}
 i - a potion of berserk rage {unknown}
 m - a potion of curing {unknown}


   Skills:
 + Level 3.7 Fighting
 + Level 3.4 Long Blades
 + Level 4.1 Dodging


You knew the following spells:

 Your Spells              Type           Power      Damage    Failure   Level
a - Shock                 Conj/Air       0%         1d3       30%         1
Your spell library was empty.

Dungeon Overview and Level Annotations

Branches:
Dungeon (4/15)
 Temple: D:4-7

Altars:
The Shining One


Innate Abilities, Weirdness & Mutations

You are immune to sickness and miasma.
You are immune to poison.
Your flesh is very heat resistant. (rF++)
You are vulnerable to cold. (rC-)
You float through the air rather than walking.
You learn spells naturally, not from books.
Your magical power is your life essence.
You have superior vitality. (+4 MHP)


Message History

You hit the iguana.
The iguana is severely wounded.
The iguana bites you!
You barely miss the iguana.
The iguana is severely wounded.
The iguana bites you.
Your shield is strengthened by the Shining One's divine power.
The iguana misses you.
Okay, then.
The iguana attacks as it pursues you! The iguana bites you.
* * * LOW HITPOINT WARNING * * *
Casting: Shock (safe; 30% risk of failure)
Confirm with . or Enter, or press ? or * to list all spells.
Aiming: Shock (safe; 30% risk of failure)
Press: ? - help, Shift-Dir - straight line, f - iguana
Aim: an iguana (severely wounded, haloed, 81% to hit)
The zap hits the iguana but does no damage.
The iguana is severely wounded.
* * * LOW HITPOINT WARNING * * *
The iguana completely misses you.
Casting: Shock (safe; 30% risk of failure)
Confirm with . or Enter, or press ? or * to list all spells.
Aiming: Shock (safe; 30% risk of failure)
Press: ? - help, Shift-Dir - straight line, f/p - iguana
Aim: an iguana (severely wounded, haloed, 81% to hit)
The zap hits the iguana.
The iguana is severely wounded.
* * * LOW HITPOINT WARNING * * *
The iguana barely misses you.
Casting: Shock (safe; 30% risk of failure)
Confirm with . or Enter, or press ? or * to list all spells.
Aiming: Shock (safe; 30% risk of failure)
Press: ? - help, Shift-Dir - straight line, f/p - iguana
Aim: an iguana (severely wounded, haloed, 81% to hit)
You miscast Shock.
You are very lightly contaminated with residual magic.
Nothing appears to happen.
* * * LOW HITPOINT WARNING * * *
The iguana bites you!
You die...

.# #.# #.##.# .#
#.# #.##.# .#
#.# #.##.# .#
#.# #.##.#
.###.#######
#.##.#
...#.......#
#)##.#
......####.#
#.##.# ....#.#
#.#####.##.###.#
....#.#
#......@l......#
....#.#
########.#.#####
.##.#.# #.#.#
.##.#.# #.#.#
.##.#.# #.#.#
.##.#.. ..#.#
#.. ...#. ### #


You could see an iguana.

Vanquished Creatures
  An adder (D:2)
  2 dart slugs
  A ribbon worm (D:3)
  4 orcs (D:3)
  5 bats
  3 endoplasms
  2 giant cockroaches
  11 goblins
  4 hobgoblins
  3 kobolds
  A quokka (D:3)
  6 ball pythons
  3 frilled lizards
  6 rats
52 creatures vanquished.

Notes
Turn   | Place    | Note
-------+----------+-------------------------------------------
     0 | D:1      | Arcadio the Djinni Monk began the quest for the Orb.
     0 | D:1      | Reached XP level 1. HP: 20/20 MP: 0/0
   216 | D:1      | Reached XP level 2. HP: 23/25 MP: 0/0
   668 | D:2      | Found a faded altar of an unknown god.
   674 | D:2      | Reached XP level 3. HP: 30/30 MP: 0/0
   674 | D:2      | Learned a level 1 spell: Shock
   685 | D:2      | Prayed at the altar of an unknown god.
   685 | D:2      | Became a worshipper of the Shining One
   685 | D:2      | Reached * piety under the Shining One
   685 | D:2      | Reached ** piety under the Shining One
  1111 | D:2      | Reached *** piety under the Shining One
  1343 | D:3      | Reached XP level 4. HP: 35/35 MP: 0/0
  1344 | D:3      | Reached skill level 4 in Dodging
  2171 | D:4      | Mangled by an iguana

Illustrated notes

Levels and vault maps discovered:
D:1:      dpeg_arrival_connections, layout_loops_cross
D:2:      layout_basic, basic_ecumenical_altar, dreamdust_princess_corridor
D:3:      minmay_inner_zag, layout_basic, serial_park_tiny_pond,
          serial_bayou_lagoon_a
D:4:      layout_loops_ring, ashenzari_altar_1, ebering_ghost_disaster_area,
          minmay_close_crescents

Skill      XL: |  1  2  3  4 |
---------------+-------------+-----
Long Blades    | 3 |  3.4
Dodging        | 4 |  4.1
Fighting       | |  3.7

Action                     |  1- 3 |  4- 6 || total
---------------------------+-------+-------++-------
  Melee: Falchion          |    67 |    52 ||   119
   Cast: Shock             |       |    13 ||    13
 Invoke: Divine Shield     |       |     1 ||     1
 Armour: Robe              |    28 |    24 ||    52
  Dodge: Dodged            |    44 |    44 ||    88
